 Dungeon Crawl Stone Soup version 0.31-a0-859-g9dce7d3444 (webtiles) character file.

Game seed: 12308714224293003611

22 Ge0ff the Vexing (level 2, -2/18 HPs)
             Began as an Octopode Hexslinger on Oct 9, 2023.
             Succumbed to a goblin's poison
             ... on level 2 of the Dungeon.
             The game lasted 00:01:28 (889 turns).

Ge0ff the Vexing (Octopode Hexslinger)               Turns: 889, Time: 00:01:29

Health: -2/18      AC:  1    Str:  7    XL:     2   Next: 91%
Magic:  4/4        EV: 13    Int: 15    God:
Gold:   59         SH:  0    Dex: 14    Spells: 1/3 levels left

rFire   . . .        a - +1 sling
rCold   . . .        (no shield)
rNeg    . . .        (helmet restricted)
rPois   .            (no amulet)
rElec   .            (no ring)
rCorr   .            (no ring)
SInv    .            (no ring)
Will    .....        (no ring)
Stlth   +++          (no ring)
HPRegen 0.23/turn    (no ring)
MPRegen 0.09/turn    (no ring)
                     (no ring)

%: no passive effects
@: lethally poisoned (-2 -> -12)
A: almost no armour, amphibious, 8 rings, camouflage 1, gelatinous body 1,
(nimble swimmer 1), tentacles
a: no special abilities


You were on level 2 of the Dungeon.
You visited 1 branch of the dungeon, and saw 2 of its levels.

You collected 59 gold pieces.

Inventory:

Hand Weapons
 a - a +1 sling (weapon)
Missiles
 H - 6 poisoned darts
Magical Staves
 F - a staff of poison
Scrolls
 C - a scroll of poison
 E - a scroll of identify {unknown}
 G - a scroll of immolation {unknown}


   Skills:
 + Level 1.3 Fighting
 * Level 2.4 Ranged Weapons
 - Level 2.0 Dodging
 + Level 1.0 Stealth
 + Level 1.3 Spellcasting
 + Level 3.1 Hexes
 - Level 1.0 Fire Magic


You had one spell level left.
You knew the following spells:

 Your Spells              Type           Power      Damage    Failure   Level
s - Jinxbite              Hex            20%        N/A       10%         2

Your spell library contained the following spells:

 Spells                   Type           Power      Damage    Failure   Level
 Sigil of Binding         Hex            10%        N/A       19%         3
 Inner Flame              Hex/Fire       7%         N/A       30%         3
 Cause Fear               Hex            5%         N/A       54%         4
 Call Canine Familiar     Summ           1%         N/A       56%         3
 Dimensional Bullseye     Hex/Tloc       2%         N/A       77%         4
 Leda's Liquefaction      Hex/Erth       2%         N/A       77%         4


Dungeon Overview and Level Annotations

Branches:
Dungeon (2/15) Zot: 11100

Altars:

Annotations:
D:2 Robin


Innate Abilities, Weirdness & Mutations

You cannot wear most types of armour.
You are amphibious.
You can wear up to eight rings at the same time.
Your skin changes colour to match your surroundings (Stealth+).
Your rubbery body absorbs attacks. (AC +1, EV +1)
((You are camouflaged when in or above water. (Stealth+)))
You have tentacles for arms and can constrict up to eight enemies at once.


Message History

There is a stone staircase leading up here.
A rat comes into view.
You shoot a sling bullet. The sling bullet hits the rat.
You kill the rat! 2 gnolls come into view.
Found an escape hatch in the floor.
You shoot a sling bullet.
The sling bullet closely misses the gnoll.
The gnoll shouts! x2; You hear a bark!
There is a stone staircase leading up here.
You climb upwards.
There is a stone staircase leading down here.
You see here a +0 club.
There is an escape hatch in the floor here.
You slide downwards.
The hatch slams shut behind you.
Found 3 stones and 4 boomerangs.
Robin, a hobgoblin and 4 goblins come into view.
A goblin is wielding a +0 dagger of venom.
You shoot a sling bullet. The sling bullet hits the goblin.
The goblin shouts!
The goblin is severely wounded.
The goblin shouts! x2; You hear a shout! x3
Robin throws the goblin at you! The goblin closely misses you.
The goblin barely misses you.
A goblin comes into view. It is wielding a +0 dagger.
The goblin shouts!
The hobgoblin shouts!
The goblin attacks as it pursues you! The goblin completely misses you.
The goblin hits you with a +0 dagger of venom.
You are poisoned.
You shoot a sling bullet.
The sling bullet hits the goblin but does no damage.
You feel very sick.
The goblin hits you with a +0 dagger of venom.
You are too injured to fight recklessly!
You are too injured to fight recklessly!
You aren't carrying any potions.
As you read the scroll labelled SUNGOETUTZ, it crumbles to dust.
It is a scroll of amnesia.
Okay, then.
* * * LOW HITPOINT WARNING * * *
You feel sick.
The goblin hits you with a +0 dagger of venom.
* * * LOW HITPOINT WARNING * * *
You are more poisoned.
* * * LOW HITPOINT WARNING * * *
You feel very sick.
Unknown command.
You shoot a sling bullet.
The sling bullet barely misses the goblin.
You die...

####....#
gg#..(.## gg#....#
#g#....#
#g#..#.#####
#..#........
........#.########
#....(..#g........
####.####@#######.
#. #.# + ..# ...#
###.. ## ### # #.
#. #. ###
#.#######. #†#..
#.........


You could see a goblin.

Vanquished Creatures
  A dart slug (D:1)
  An endoplasm (D:1)
  2 giant cockroaches (D:1)
  2 goblins (D:1)
  2 kobolds (D:1)
  A quokka (D:1)
  3 ball pythons (D:1)
  3 bats (D:1)
  2 frilled lizards
  2 rats
19 creatures vanquished.

Notes
Turn   | Place    | Note
-------+----------+-------------------------------------------
     0 | D:1      | Ge0ff the Octopode Hexslinger began the quest for the Orb.
     0 | D:1      | Reached XP level 1. HP: 13/13 MP: 2/2
    89 | D:1      | Reached XP level 2. HP: 18/18 MP: 3/3
    92 | D:1      | Learned a level 2 spell: Jinxbite
   179 | D:1      | Reached skill level 1 in Stealth
   274 | D:1      | You fall into a shaft and drop 1 floor!
   879 | D:2      | Noticed Robin
   889 | D:2      | Succumbed to a goblin's poison

Illustrated notes

Levels and vault maps discovered:
D:1:      minmay_arrival_plants_in_alcoves, layout_basic,
          hangedman_decor_growths, feat_on_display
D:2:      layout_basic, shapermc_ecumenical_altar_mp_vishouse, uniq_robin

Skill      XL: |  1  2 |
---------------+-------+-----
Stealth        | 1 |  1.0
Fighting       | |  1.3
Ranged Weapons | |  2.4
Dodging        | |  2.0
Spellcasting   | |  1.3
Hexes          | |  3.1
Fire Magic     | |  1.0

Action                     || total
---------------------------++-------
   Fire: Sling             ||    38
    Use: Scroll            ||     1
 Armour: Skin              ||     8
  Dodge: Dodged            ||     5

Table legend: (Time is in decaauts)
 A = Elapsed time spent in this place.
 B = Non-inter-level travel time spent in this place.
 C = Inter-level travel time spent in this place.
 D = Time resting spent in this place.
 E = Time spent auto-exploring this place.
 F = Levels seen in this place.
 G = Mean time per level.
                   A        B        C        D        E       F      G
               +--------+--------+--------+--------+--------+-----+--------+
         Total |    899 |    837 |     62 |      0 |    674 |   2 |  449.5 |
       Dungeon |    899 |    837 |     62 |      0 |    674 |   2 |  449.5 |
               +--------+--------+--------+--------+--------+-----+--------+

Top non-repeatable levels by time:
     D:1: 811 daAuts
     D:2: 88 daAuts
